 Dungeon Crawl Stone Soup version 0.29-a0-613-gf2c431b9b9 (webtiles) character file.

Game seed: 14400866780878991460

213 moldycheese5 the Skirmisher (level 5, 0/42 HPs)
             Began as a Demonspawn Abyssal Knight on June 16, 2022.
             Was a Priest of Lugonu.
             Slain by a hound (3 damage)
             ... on level 3 of the Dungeon.
             The game lasted 00:06:45 (3655 turns).

moldycheese5 the Skirmisher (DsAK)                  Turns: 3655, Time: 00:06:45

Health: 0/42       AC: 13    Str: 16    XL:     5   Next: 59%
Magic:  6/6        EV:  5    Int: 11    God:    Lugonu [***...]
Gold:   168        SH:  0    Dex: 13    Spells: 4/4 levels left

rFire   + . .      SeeInvis .     - Unarmed
rCold   . . .      Faith    .   (no shield)
rNeg    + . .      Spirit   .   h - +0 plate armour {Will+}
rPois   .          Reflect  .   (no helmet)
rElec   .          Harm     .   (no cloak)
rCorr   .          Rampage  .   (no gloves)
Will    +....                   (no boots)
Stlth   ..........              (no amulet)
HPRegen 0.14/turn               n - ring of protection from fire
MPRegen 0.10/turn               g - ring of positive energy

@: no status effects
A: slimy green scales 1, spiny 1, demonic magic 1
a: Renounce Religion, Depart the Abyss, Bend Space, Banish


You were on level 3 of the Dungeon.
You worshipped Lugonu.
Lugonu was most pleased with you.
You visited 1 branch of the dungeon, and saw 4 of its levels.
You visited the Abyss 1 time.

You collected 168 gold pieces.

Inventory:

Armour
 a - a +0 leather armour
 c - a +0 chain mail
 h - a +0 plate armour of willpower (worn)
Jewellery
 g - a ring of positive energy (right hand)
 n - a ring of protection from fire (left hand)
 p - a ring of flight
Wands
 q - a wand of iceblast (5)
 r - a wand of digging (9)
Scrolls
 b - a scroll of teleportation
 d - a scroll of vulnerability {unknown}
 e - a scroll of silence {unknown}
 f - a scroll of fog {unknown}
 i - 6 scrolls of identify {unknown}
 k - a scroll of fear {unknown}
 l - a scroll of blinking {unknown}
 o - a scroll of enchant armour {unknown}
Potions
 j - a potion of invisibility {unknown}
 m - a potion of berserk rage {unknown}


   Skills:
 + Level 4.1 Fighting
 + Level 3.3 Armour
 + Level 1.1 Dodging
 + Level 0.1 Stealth
 + Level 3.5 Unarmed Combat
 + Level 2.6 Invocations


You had 4 spell levels left.
You didn't know any spells.
Your spell library contained the following spells:

 Spells                   Type           Power      Damage    Failure   Level
 Magic Dart               Conj           0%         1d3       100%        1
 Call Imp                 Summ           0%         N/A       100%        2
 Mephitic Cloud           Conj/Pois/Air  0%         N/A       100%        3


Dungeon Overview and Level Annotations

Branches:
Dungeon (4/15)
 Temple: D:4-7

Altars:
Dithmenos
Elyvilon
Hepliaklqana
Trog

Shops:
D:1 (

Annotations:
D:4 Eustachio


Innate Abilities, Weirdness & Mutations

You are partially covered in slimy green scales. (AC +2)
You are partially covered in sharp spines.
Spells you cast may paralyse adjacent enemies.


Message History

The quokka bites you but does no damage.
The ball python bites you but does no damage.
The quokka barely misses you.
The quokka bites you but does no damage.
The ball python attacks as you move away!
The ball python bites you but does no damage.
There is a stone staircase leading up here.
The ball python bites you but does no damage.
The quokka bites you but does no damage.
The hound is struck by your spines. The hound closely misses you.
The ball python closely misses you.
You climb upwards.
There is a stone staircase leading down here.
You closely miss the ball python. Your punch misses the ball python.
The hound barely misses you.
The quokka bites you but does no damage.
The ball python is struck by your spines.
The ball python barely misses you.
You hit the ball python but do no damage.
The ball python is severely wounded.
The hound is struck by your spines. The hound bites you but does no damage.
The quokka bites you but does no damage.
The hound bites you but does no damage. The ball python bites you.
* * * LOW HITPOINT WARNING * * *
You hit the ball python.
You kill the ball python!
Lugonu accepts your kill.
The quokka bites you but does no damage.
The hound is struck by your spines. The hound bites you but does no damage.
You hit the hound but do no damage. Your punch misses the hound.
The hound is heavily wounded.
The quokka bites you but does no damage.
The hound bites you but does no damage. The quokka is struck by your spines.
You kill the quokka!
Lugonu accepts your kill. The hound is struck by your spines.
The hound bites you but does no damage.
You closely miss the hound.
The hound is heavily wounded.
The hound bites you.
You die...

#........##.....#.#####
#........''............
#.......)##.....#.##.##
#........##..........##
#........##............
#........######........
#........######........
#....h........#......##
####..@.).....#......##
#..........#........
#..........#...>..##
#..........#......#.
#...#############.#.
#..##......##.....#.
#..#........#.....#.
###########
#..#...⌠≈...#.....#.
#.........#
####..≈≈≈⌠..'.....#.


You could see a hound.

Vanquished Creatures
  Pargi (D:3)
  A hound (D:4)
  2 adders (D:2)
  A worm (D:2)
  5 endoplasms
  2 giant cockroaches
  6 goblins
  7 hobgoblins
  7 jackals
  4 quokkas
  4 ball pythons
  9 bats
  2 frilled lizards (D:1)
  8 kobolds
  6 rats
65 creatures vanquished.

Notes
Turn   | Place    | Note
-------+----------+-------------------------------------------
     0 | Abyss:1  | moldycheese5 the Demonspawn Abyssal Knight began the quest
                  | for the Orb.
     0 | Abyss:1  | Reached XP level 1. HP: 18/18 MP: 2/2
     0 | D:1      | Escaped the Abyss
   256 | D:1      | Gained mutation: You are partially covered in sharp spines.
                  | [demonic ancestry]
   256 | D:1      | Reached XP level 2. HP: 23/24 MP: 3/3
   359 | D:1      | Found Bimiuj's Weapon Boutique.
   488 | D:1      | Reached skill level 1 in Dodging
   859 | D:1      | Gained mutation: You are partially covered in slimy green
                  | scales. (AC +2) [demonic ancestry]
   859 | D:1      | Reached XP level 3. HP: 27/30 MP: 4/4
  1333 | D:2      | Reached skill level 4 in Fighting
  1555 | D:2      | Reached *** piety under Lugonu
  1561 | D:2      | Gained mutation: Spells you cast may paralyse adjacent
                  | enemies. [demonic ancestry]
  1561 | D:2      | Reached XP level 4. HP: 29/37 MP: 5/5
  1681 | D:2      | Found a faded altar of an unknown god.
  1681 | D:2      | Noticed an eye of devastation
  1685 | D:2      | Noticed a great orb of eyes
  1685 | D:2      | Noticed a golden eye
  1685 | D:2      | Noticed a great orb of eyes
  2649 | D:3      | Found a shadowy altar of Dithmenos.
  2652 | D:3      | Found a bloodstained altar of Trog.
  2656 | D:3      | Found a hazy altar of Hepliaklqana.
  2802 | D:3      | Noticed Pargi
  2824 | D:3      | Killed Pargi
  2825 | D:3      | Reached XP level 5. HP: 14/42 MP: 6/6
  3625 | D:4      | Noticed Eustachio
  3652 | D:3      | HP: 2/42 [ball python (2)]
  3655 | D:3      | Slain by a hound

Illustrated notes

Levels and vault maps discovered:
D:1:      minmay_arrival_split_and_join, layout_loops_cross, serial_shops,
          nicolae_shop_bloodbath_and_beyond
D:2:      layout_basic, hellmonk_ecumenical_altar_watching_god,
          serial_park_tiny_1
D:3:      layout_basic, grunt_temple_overflow_diamond, kennysheep_another_room,
          minmay_large_rounded_square, uniq_pargi
D:4:      layout_rooms, nicolae_elyvilon_peaceful_grove, uniq_eustachio

Skill      XL: |  1  2  3  4  5 |
---------------+----------------+-----
Dodging        | 1 |  1.1
Unarmed Combat | 2 3 |  3.5
Armour         | 2 3 |  3.3
Fighting       | 4 |  4.1
Stealth        | |  0.1
Invocations    | |  2.6

Action                   |  1- 3 |  4- 6 || total
-------------------------+-------+-------++-------
Melee: Unarmed           |   110 |    77 ||   187
       Punch             |     4 |     1 ||     5
Invok: Depart the Abyss  |     1 |       ||     1
       Bend Space        |       |     1 ||     1
  Use: Scroll            |       |     1 ||     1
Armor: Leather armour    |     8 |       ||     8
       Chain mail        |    19 |       ||    19
       Plate armour      |    13 |    97 ||   110
Dodge: Dodged            |    37 |    24 ||    61

Table legend: (Time is in decaauts)
 A = Elapsed time spent in this place.
 B = Non-inter-level travel time spent in this place.
 C = Inter-level travel time spent in this place.
 D = Time resting spent in this place.
 E = Time spent auto-exploring this place.
 F = Levels seen in this place.
 G = Mean time per level.
                   A        B        C        D        E       F      G
               +--------+--------+--------+--------+--------+-----+--------+
         Total |   3645 |   3133 |    512 |      0 |   2722 |   5 |  729.0 |
       Dungeon |   3645 |   3133 |    512 |      0 |   2722 |   4 |  911.2 |
         Abyss |      0 |      0 |      0 |      0 |      0 |   1 |    0.0 |
               +--------+--------+--------+--------+--------+-----+--------+

Top non-repeatable levels by time:
     D:2: 1189 daAuts
     D:3: 1188 daAuts
     D:1: 1132 daAuts
     D:4: 135 daAuts
